 Dungeon Crawl Stone Soup version 0.23-a0-407-g92528d7 (webtiles) character file.

2156 Dawnplanks the Basher (level 9, -8/55 HPs)
             Began as a Gargoyle Berserker on Nov 7, 2018.
             Was a Priest of Trog.
             Mangled by Harold
             ... wielding a +0 glaive
              (12 damage)
             ... on level 7 of the Dungeon.
             The game lasted 00:16:10 (5711 turns).

Dawnplanks the Basher (Gargoyle Berserker)          Turns: 5711, Time: 00:16:10

Health: -8/55      AC: 15    Str: 24    XL:     9   Next: 31%
Magic:  9/9        EV: 11    Int:  7    God:    Trog [***...]
Gold:   366        SH:  0    Dex: 10    Spells: 8/8 levels left

rFire    . . .     SeeInvis .   l - +2 mace (crush)
rCold    . . .     Gourm    .   (no shield)
rNeg     + . .     Faith    .   g - +0 scale mail (curse)
rPois    ∞         Spirit   .   (no helmet)
rElec    +         Reflect  .   (no cloak)
rCorr    .         Harm     .   (no gloves)
MR       .....                  d - +0 pair of boots
Stlth    ++........             (no amulet)
HPRegen  0.18/turn              b - ring of stealth
MPRegen  0.11/turn              j - ring of stealth

@: marked, berserk cooldown, flying, very slightly contaminated, slowed,
invisible (expiring), very slow
A: negative energy resistance 1, electricity resistance, unbreathing,
petrification resistance, rot immunity, AC +6
a: Berserk, Trog's Hand, Renounce Religion


You were on level 7 of the Dungeon.
You worshipped Trog.
Trog was most pleased with you.
You were very hungry.

You visited 2 branches of the dungeon, and saw 8 of its levels.

You collected 366 gold pieces.

Inventory:

Hand Weapons
 l - a +2 mace of crushing (weapon)
Missiles
 v - 6 poisoned tomahawks (quivered)
 y - 3 javelins
Armour
 d - a +0 pair of boots (worn)
 g - a cursed +0 scale mail (worn)
Jewellery
 b - a ring of stealth (left hand)
 j - a ring of stealth (right hand)
 t - an uncursed ring of wizardry
Wands
 B - a wand of enslavement (8)
Scrolls
 a - a scroll of immolation {unknown}
 f - 4 scrolls of teleportation {unknown}
 i - 11 scrolls of identify {unknown}
 k - 2 scrolls of blinking {unknown}
 m - a scroll of enchant armour {unknown}
 o - 4 scrolls of remove curse {unknown}
 q - a scroll of torment {unknown}
 r - 2 scrolls of fog {unknown}
 s - 2 scrolls of enchant weapon {unknown}
 u - a scroll of amnesia {unknown}
 A - a scroll of random uselessness {unknown}
Potions
 e - a potion of degeneration {unknown}
 h - a potion of flight
 n - 2 potions of curing
 p - a potion of invisibility
 w - a potion of might {unknown}
 x - a potion of ambrosia {unknown}
Comestibles
 c - 16 rations
 z - a chunk of flesh


   Skills:
 + Level 6.2 Fighting
 + Level 9.2 Maces & Flails
 + Level 6.6 Armour
 + Level 3.3 Dodging


You had 8 spell levels left.
You didn't know any spells.
Your spell library contained the following spells:

 Spells                   Type           Power        Failure   Level  Hunger
 Animate Skeleton         Necr           N/A          71%         1    ##.....
 Pain                     Necr           #...         71%         1    ##.....
 Sting                    Conj/Pois      #...         71%         1    ##.....
 Poisonous Vapours        Pois/Air       #.....       83%         2    ###....
 Mephitic Cloud           Conj/Pois/Air  #.......     97%         3    ####...
 Regeneration             Chrm/Necr      #.........   97%         3    ####...
 Vampiric Draining        Necr           #.........   97%         3    ####...
 Animate Dead             Necr           N/A          100%        4    #####..
 Olgreb's Toxic Radiance  Pois           #.......     100%        4    #####..
 Venom Bolt               Conj/Pois      #.........   100%        5    ######.


Dungeon Overview and Level Annotations

Branches:
Dungeon (7/15)             Temple (1/1) D:5

Altars:
Cheibriados
Dithmenos
Fedhas
Kikubaaqudgha
Qazlal
Trog
Vehumet

Shops:
D:6 }

Annotations:
D:7 Harold


Innate Abilities, Weirdness & Mutations

You are resistant to torment.
Your stone body is resilient. (AC +6)
You are immune to poison.
You resist negative energy. (rN+)
You are resistant to electric shocks. (rElec)
You can survive without breathing.
You are immune to petrification.
You are immune to rotting.


Message History

The howler monkey closely misses you. Harold barely misses you.
The howler monkey hits you but does no damage.
You struggle against the net.
Harold hits you from afar with a +0 glaive.
* * * LOW HITPOINT WARNING * * *
The howler monkey hits you.
* * * LOW HITPOINT WARNING * * *
The howler monkey completely misses you.
An iguana comes into view.
Harold hits you from afar with a +0 glaive.
* * * LOW HITPOINT WARNING * * *
You struggle against the net.
The howler monkey hits you but does no damage.
Harold barely misses you.
The howler monkey hoots and howls with incredible vigour!
You shred the net and break free!
An adder comes into view.
The howler monkey hoots and howls with incredible vigour!
Harold hits you from afar with a +0 glaive!
You die...

#>.@....###..#..##
.....#######
##S#.## ### #.#.#
#l#.# #(#.# #W#.#
#@#.# #.#.# #@#.#
#h..# ##..#### #.
##.....## .#
##...##..# ..
#..#.###.#
#.##.##..##.#
#.#..##...#.#
#.#.##..#.#.#


You could see Harold, a wraith, a howler monkey, an iguana and an adder.

Vanquished Creatures
  A hydra (D:6)
  A steam dragon (D:7)
  An ice beast (D:6)
  An ogre (D:6)
  2 centaurs (D:6)
  A big kobold (D:6)
  3 scorpions
  3 killer bees (D:7)
  3 howler monkeys
  A crimson imp (D:6)
  A bullfrog skeleton (D:6)
  A hound (D:6)
  2 orc wizards
  Crazy Yiuf (D:4)
  A jelly (D:6)
  A gnoll shaman (D:5)
  Terence (D:2)
  A hound zombie (D:5)
  5 gnolls
  A worker ant zombie (D:6)
  A howler monkey skeleton (D:6)
  5 adders
  An ooze (D:2)
  An adder skeleton (D:5)
  7 worms
  2 dart slugs
  3 leopard geckos
  34 orcs
  A ball python (D:5)
  9 bats
  5 giant cockroaches
  3 goblins
  8 hobgoblins
  7 jackals
  5 quokkas
  A ball python skeleton (D:4)
  A giant cockroach zombie (D:6)
  13 kobolds
  10 rats
149 creatures vanquished.

Vanquished Creatures (others)
  A crimson imp (D:7)
  An adder (D:7)
2 creatures vanquished.

Grand Total: 151 creatures vanquished

Notes
Turn   | Place    | Note
-------+----------+-------------------------------------------
     0 | D:1      | Dawnplanks the Gargoyle Berserker began the quest for the
                  | Orb.
     0 | D:1      | Reached XP level 1. HP: 14/14 MP: 1/1
   331 | D:1      | Reached XP level 2. HP: 17/19 MP: 2/2
   695 | D:1      | Reached XP level 3. HP: 24/24 MP: 3/3
   978 | D:2      | Noticed Terence
   982 | D:2      | Killed Terence
   982 | D:2      | Reached XP level 4. HP: 29/29 MP: 4/4
  1295 | D:2      | Found a snail-covered altar of Cheibriados.
  1305 | D:2      | Reached skill level 4 in Maces & Flails
  1440 | D:2      | Reached ** piety under Trog
  1995 | D:3      | Reached XP level 5. HP: 33/33 MP: 5/5
  2401 | D:3      | Reached skill level 5 in Maces & Flails
  2627 | D:4      | Reached XP level 6. HP: 39/39 MP: 6/6
  2668 | D:4      | Found a shadowy altar of Dithmenos.
  2701 | D:4      | Reached *** piety under Trog
  3109 | D:4      | Found a runed door.
  3115 | D:4      | Noticed Crazy Yiuf
  3122 | D:4      | Killed Crazy Yiuf
  3233 | D:4      | Found a stormy altar of Qazlal.
  3272 | D:5      | Entered Level 5 of the Dungeon
  3425 | D:5      | Reached XP level 7. HP: 39/44 MP: 7/7
  3431 | D:5      | Reached skill level 6 in Maces & Flails
  3544 | D:5      | Found a staircase to the Ecumenical Temple.
  3549 | Temple   | Entered the Ecumenical Temple
  3581 | D:5      | Found a blossoming altar of Fedhas.
  3716 | D:5      | Reached skill level 5 in Fighting
  3988 | D:5      | Found an ancient bone altar of Kikubaaqudgha.
  4329 | D:6      | Found Far Cysyg's Gadget Shop.
  4332 | D:6      | Noticed a seven-headed hydra
  4345 | D:6      | Killed a seven-headed hydra
  4345 | D:6      | Reached skill level 7 in Maces & Flails
  4345 | D:6      | Reached skill level 5 in Armour
  4345 | D:6      | Reached XP level 8. HP: 13/50 MP: 8/8
  4347 | D:6      | Reached skill level 8 in Maces & Flails
  4549 | D:6      | Received a gift from Trog
  4761 | D:6      | Found a radiant altar of Vehumet.
  4871 | D:6      | Found a bloodstained altar of Trog.
  4898 | D:6      | Reached XP level 9. HP: 51/55 MP: 9/9
  5665 | D:7      | Reached skill level 9 in Maces & Flails
  5681 | D:7      | Noticed Harold
  5711 | D:7      | Mangled by Harold

Vault maps used:
D:1:      scummos_arrival_star, kennysheep_another_room, grunt_decor_cap,
          chequers_serial_rivers_micro_b
D:2:      kennysheep_slug_shrine, uniq_terence
D:3:      first_ration, glass_columns_b, minivault_23, grunt_ministairs_5
D:4:      marbit_many_paths, nicolae_overflow_crystal_walls,
          grunt_decor_resistance, uniq_crazy_yiuf_cottage
D:5:      lemuel_upstairs_altar, fedhas_altar_3, minmay_temple_entry_nine_rooms,
          basic_altar, minmay_holes
D:6:      nicolae_overflow_hidden_temple, kennysheep_little_box, serial_shops,
          shop
D:7:      minmay_opposing_rooms, the_bakery, uniq_harold
Temple:   cyrus_temple_forest

Skill      XL: |  1  2  3  4  5  6  7  8  9 |
---------------+----------------------------+-----
Fighting       | 4 5 6 |  6.2
Maces & Flails | 4 5 7 8 9 |  9.2
Dodging        | 2 3 |  3.3
Armour         | 3 5 6 |  6.6

Action                   |  1- 3 |  4- 6 |  7- 9 || total
-------------------------+-------+-------+-------++-------
Melee: Mace              |    66 |   198 |   174 ||   438
Throw: Javelin           |       |       |     3 ||     3
       Tomahawk          |       |       |     2 ||     2
Invok: Berserk           |     4 |     5 |     5 ||    14
       Trog's Hand       |       |     3 |     2 ||     5
  Use: Potion            |       |       |     3 ||     3
 Stab: Sleeping          |     3 |     8 |     4 ||    15
  Eat: Chunk             |     3 |    15 |    11 ||    29
Armor: Animal skin       |    32 |    11 |       ||    43
       Scale mail        |       |    99 |   115 ||   214
Dodge: Dodged            |    64 |   115 |   100 ||   279

Table legend:
 A = Non-vault XP
 B = Vault XP
 C = Vault XP percentage of total XP
 D = Non-vault monster count
 E = Vault monster count
 F = Vault count percentage of total count
                 A         B        C        D         E       F
            +---------+---------+-------+---------+---------+-------
      Total |    2999 |      82 |   2.7 |     144 |       5 |   3.4
            +---------+---------+-------+---------+---------+-------
        D:1 |      46 |       0 |   0.0 |      18 |       0 |   0.0
        D:2 |      60 |      40 |  40.0 |      22 |       2 |   8.3
        D:3 |     153 |       2 |   1.3 |      21 |       2 |   8.7
        D:4 |     232 |      40 |  14.7 |      19 |       1 |   5.0
        D:5 |     227 |       0 |   0.0 |      23 |       0 |   0.0
        D:6 |    1805 |       0 |   0.0 |      34 |       0 |   0.0
        D:7 |     476 |       0 |   0.0 |       7 |       0 |   0.0
            +---------+---------+-------+---------+---------+-------
